 Dungeon Crawl Stone Soup version 0.24-a0-520-g8fd06ad (webtiles) character file.

Game seed: 10102922720509601888

46 Chalrif the Magician (level 3, -10/24 HPs)
             Began as a Mummy Wizard on July 28, 2019.
             Engulfed by a cloud of flame (30 damage)
             ... on level 2 of the Dungeon.
             The game lasted 00:04:17 (2115 turns).

Chalrif the Magician (Mummy Wizard)                 Turns: 2115, Time: 00:04:17

Health: -10/24     AC:  3    Str: 10    XL:     3   Next: 44%
Magic:  2/8        EV: 12    Int: 18    God:
Gold:   76         SH:  0    Dex: 10    Spells: 1/10 levels left

rFire    x . .     SeeInvis .   (no weapon)
rCold    + . .     Gourm    .   (no shield)
rNeg     + + +     Faith    .   a - +0 robe
rPois    ∞         Spirit   .   b - +0 hat
rElec    .         Reflect  .   (no cloak)
rCorr    .         Harm     .   c - +0 pair of gloves
MR       .....                  (no boots)
Stlth    +.........             (no amulet)
HPRegen  0.08/turn              (no ring)
MPRegen  0.11/turn              (no ring)

@: confused, very slightly contaminated
A: no food or potions, fire vulnerability, cold resistance 1, negative energy
resistance 3, torment resistance, unbreathing
a: no special abilities


You were on level 2 of the Dungeon.
You were not hungry.

You visited 1 branch of the dungeon, and saw 2 of its levels.

You collected 76 gold pieces.

Inventory:

Armour
 a - a +0 robe (worn)
 b - a +0 hat (worn)
 c - a +0 pair of gloves (worn)
Jewellery
 g - an uncursed ring of see invisible {unknown}
Scrolls
 d - 2 scrolls of identify {unknown}
 e - a scroll of blinking {unknown}
 f - 2 scrolls of fog {unknown}
 h - a scroll of teleportation {unknown}
 i - a scroll of noise {unknown}
 j - a scroll of immolation {unknown}
 k - a scroll of amnesia {unknown}


   Skills:
 - Level 1.5 Dodging
 - Level 1.5 Stealth
 - Level 4.0 Spellcasting
 + Level 2.8 Conjurations
   Level 0.7 Summonings
 - Level 0.7 Translocations


You had one spell level left.
You knew the following spells:

 Your Spells              Type           Power        Failure   Level  Hunger
a - Magic Dart            Conj           ##..         4%          1    N/A
c - Conjure Flame         Conj/Fire      #.......     24%         3    N/A
e - Mephitic Cloud        Conj/Pois/Air  #.......     30%         3    N/A
j - Blink                 Tloc           N/A          17%         2    N/A

Your spell library contained the following spells:

 Spells                   Type           Power        Failure   Level  Hunger
 Call Imp                 Summ           #.......     17%         2    N/A
 Slow                     Hex            #.......     22%         2    N/A

Dungeon Overview and Level Annotations

Branches:
Dungeon (2/15)

Altars:

Annotations:
D:2 Sigmund, Terence


Innate Abilities, Weirdness & Mutations

You do not eat or drink.
Your flesh is vulnerable to fire.
You are immune to poison.
Your flesh is cold resistant. (rC+)
You are immune to negative energy. (rN+++)
You are immune to unholy pain and torment.
You can survive without breathing.


Message History

Casting: Magic Dart (safe; 4% risk of failure)
Confirm with . or Enter, or press ? or * to list all spells.
Aiming: Conjure Flame (safe; 24% risk of failure)
Press: ? - help, Dir - move target cursor The fire ignites!
Casting: Conjure Flame (safe; 24% risk of failure)
Confirm with . or Enter, or press ? or * to list all spells.
Aiming: Mephitic Cloud (safe; 30% risk of failure)
Press: ? - help, Shift-Dir - straight line, f - Sigmund
Aim: Sigmund, wielding a +0 scythe and wearing a +0 robe (lightly wounded)
You miscast Mephitic Cloud.
You are very lightly contaminated with residual magic.
You feel a strange surge of energy! Sigmund gestures at you while chanting.
You are confused.
Unknown command.
Unknown command.
You are engulfed in blazing flames.
Ouch! That really hurt!
You die...

#.......# #.# #.#
#.......# #.# #.#
#.......# #.# #.#
####.#### #.# #.# #
#.# #.# #.# # #.
#.####.#######
#........†....
...###########.#######
..........####@#
.............@.#
..........######
##..........#
............#
...(........#
............#
..÷.........#
@###.#.######


You could see Sigmund.

Vanquished Creatures
  An adder (D:2)
  A leopard gecko (D:2)
  7 bats
  A giant cockroach (D:1)
  8 goblins
  6 hobgoblins
  2 frilled lizards (D:2)
  3 kobolds
  5 rats
34 creatures vanquished.

Notes
Turn   | Place    | Note
-------+----------+-------------------------------------------
     0 | D:1      | Chalrif the Mummy Wizard began the quest for the Orb.
     0 | D:1      | Reached XP level 1. HP: 13/13 MP: 5/5
    23 | D:1      | Reached skill level 1 in Conjurations
   214 | D:1      | Reached XP level 2. HP: 18/19 MP: 2/7
   787 | D:1      | Learned a level 2 spell: Blink
  1243 | D:2      | Reached XP level 3. HP: 24/24 MP: 3/8
  1315 | D:2      | Learned a level 3 spell: Mephitic Cloud
  1319 | D:2      | Learned a level 3 spell: Conjure Flame
  1433 | D:2      | Noticed Sigmund
  1727 | D:2      | Noticed Terence
  2115 | D:2      | Engulfed by a cloud of flame

Levels and vault maps discovered:
D:1:      dpeg_arrival_short_road, layout_loops_cross
D:2:      layout_basic, uniq_terence, uniq_sigmund

Skill      XL: |  1  2 |
---------------+-------+-----
Conjurations   | 1 2 |  2.8
Dodging        | |  1.5
Stealth        | |  1.5
Spellcasting   | |  4.0
Summonings     | |  0.7
Translocations | |  0.7

Action                   || total
-------------------------++-------
Melee: Unarmed           ||    30
 Cast: Magic Dart        ||    85
       Conjure Flame     ||     2
       Mephitic Cloud    ||     1
Armor: Robe              ||    19
Dodge: Dodged            ||    34

Table legend:
 A = Non-vault XP
 B = Vault XP
 C = Vault XP percentage of total XP
 D = Non-vault monster count
 E = Vault monster count
 F = Vault count percentage of total count
                 A         B        C        D         E       F
            +---------+---------+-------+---------+---------+-------
      Total |      66 |       0 |   0.0 |      34 |       0 |   0.0
            +---------+---------+-------+---------+---------+-------
        D:1 |      30 |       0 |   0.0 |      19 |       0 |   0.0
        D:2 |      36 |       0 |   0.0 |      15 |       0 |   0.0
            +---------+---------+-------+---------+---------+-------
